 Dungeon Crawl Stone Soup version 0.30-a0-339-g89bb51ec76 (webtiles) character file.

Game seed: 10815084851260226587

418934 p00ps00p the Conqueror (level 23, -1/228 (240) HPs)
             Began as a Hill Orc Fighter on Oct 31, 2022.
             Was an Initiate of Gozag.
             Killed from afar by a Hell Sentinel (28 damage)
             ... with damnation
             ... summoned by a deep elf demonologist
             ... on level 3 of the Elven Halls.
             The game lasted 03:39:53 (56831 turns).

p00ps00p the Conqueror (Hill Orc Fighter)          Turns: 56831, Time: 03:39:54

HP:   -1/228 (240)  AC: 38    Str: 31 (32) XL:     23   Next: 32%
MP:   0/20          EV: 10    Int: 14      God:    Gozag
Gold: 226           SH: 21    Dex: 25      Spells: 22/22 levels left

rFire   + + .      SeeInvis .    P - +10 war axe "Ozuphuhu" {venom, rPois rF+ Dex+3}
rCold   + . .      Faith    .    Q - +2 kite shield {reflect}
rNeg    + . .      Spirit   +    V - +1 pearl dragon scales
rPois   +          Reflect  +    T - +2 hat {Will+}
rElec   .          Harm     .    l - +1 cloak {rCorr}
rCorr   +          Rampage  .    i - +0 pair of fencer's gloves {Riposte Dex+3}
Will    +++..                    Y - +0 pair of boots {Stlth+}
Stlth   +.........               L - amulet of Ytemp {Spirit *Corrode rC+ Will+ Regen+}
HPRegen 1.38/turn                C - ring of Ykua {rF+ Str+6 Int+6 Dex+5}
MPRegen 0.17/turn                G - ring of the Tortoise {AC+8}

@: studying Fighting, drained, unable to read, unable to drink
A: deterioration 1, low MP 1, inability to drink after injury 1, inability to
read after injury 1
}: 3/15 runes: decaying, serpentine, silver
a: Renounce Religion, Potion Petition, Call Merchant, Bribe Branch


You were on level 3 of the Elven Halls.
You worshipped Gozag.
Gozag was aware of your devotion.
You visited 8 branches of the dungeon, and saw 39 of its levels.
You also visited: Sewer, Ice Cave and Wizlab.

You collected 21076 gold pieces.
You spent 6775 gold pieces at shops.
You paid 14075 gold pieces to Gozag.

Inventory:

Hand Weapons
 e - a +7 spectral broad axe
 o - the +7 lajatang of Order {silver, rMut}
   (You took it off an ogre mage on level 5 of the Vaults)

   It inflicts extra damage upon those it strikes, and deals substantially
   increased damage to chaotic, mutated and magically transformed beings.
   rMut:      It protects you from mutation.
 s - a +5 scimitar of flaming
 P - the +10 war axe "Ozuphuhu" (weapon) {venom, rPois rF+ Dex+3}
   (You found it on level 12 of the Dungeon)

   It poisons the flesh of those it strikes.
   Dex:       It affects your dexterity (+3).
   rF:        It protects you from fire.
   rPois:     It protects you from poison.
Missiles
 m - 113 poisoned darts (quivered)
Armour
 i - the +0 pair of fencer's gloves (worn) {Riposte Dex+3}
   (You acquired it on level 6 of the Dungeon)

   It allows the wearer to riposte with melee weapons, swiftly retaliating
   against missed or blocked melee attacks.
   Dex:       It affects your dexterity (+3).
 l - a +1 cloak of preservation (worn)
 u - the +0 pair of gloves "Vimar Cipu" {rElec rF+++ Will- Str+9 Int-2}
   (You found it on level 2 of the Elven Halls)

   Str:       It affects your strength (+9).
   Int:       It affects your intelligence (-2).
   rF:        It renders you almost immune to fire.
   rElec:     It insulates you from electricity.
   Will:      It decreases your willpower.
 y - the +0 chain mail of the Morning {Rampage Drain rElec Str+2}
   (You bought it in a shop on level 2 of the Elven Halls)

   Str:       It affects your strength (+2).
   rElec:     It insulates you from electricity.
   Drain:     It drains your maximum health when unequipped.
   Rampage:   It bestows one free step when moving towards enemies.
 Q - a +2 kite shield of reflection (worn)
 T - a +2 hat of willpower (worn)
 V - +1 pearl dragon scales (worn)
 Y - a +0 pair of boots of stealth (worn)
Jewellery
 b - the ring "Tagaad" {rElec rF+ rC+ Int+5 Slay+4}
   (You found it on level 3 of the Vaults)

   [ring of slaying]

   Int:       It affects your intelligence (+5).
   Slay:      It affects your accuracy & damage with ranged weapons and melee
   (+4).
   rF:        It protects you from fire.
   rC:        It protects you from cold.
   rElec:     It insulates you from electricity.
 r - a ring of protection from cold
 C - the ring of Ykua (left hand) {rF+ Str+6 Int+6 Dex+5}
   (You bought it in a shop on level 3 of the Lair of Beasts)

   [ring of intelligence]

   Str:       It affects your strength (+6).
   Int:       It affects your intelligence (+6).
   Dex:       It affects your dexterity (+5).
   rF:        It protects you from fire.
 G - the ring of the Tortoise (right hand) {AC+8}
   (You found it on level 1 of the Swamp)

   [ring of protection]

   AC:        It affects your AC (+8).
 L - the amulet of Ytemp (around neck) {Spirit *Corrode rC+ Will+ Regen+}
   (You bought it in a shop on level 1 of the Orcish Mines)

   [amulet of guardian spirit]

   It causes incoming damage to be divided between your reserves of health and
   magic.
   rC:        It protects you from cold.
   Regen:     It increases your rate of health regeneration.
   *Corrode:  It may corrode you when you take damage.
   Will:      It increases your willpower.
 N - a +6 ring of strength
 S - an amulet of magic regeneration
Wands
 p - a wand of quicksilver (31)
 q - a wand of polymorph (16)
 z - a wand of charming (48)
 B - a wand of iceblast (28)
 D - a wand of flame (93)
 J - a wand of mindburst (21)
 M - a wand of digging (22)
Scrolls
 a - 4 scrolls of magic mapping
 c - 3 scrolls of enchant armour
 k - 8 scrolls of poison
 w - 3 scrolls of identify
 A - 15 scrolls of teleportation
 H - 2 scrolls of fog {unknown}
 K - 2 scrolls of blinking
 O - 6 scrolls of fear
 R - 5 scrolls of silence
 W - a scroll of summoning
Potions
 d - 9 potions of might
 f - 10 potions of magic
 g - 5 potions of degeneration
 h - 20 potions of curing
 j - 8 potions of haste
 n - 4 potions of brilliance
 t - 4 potions of flight
 v - 3 potions of invisibility
 x - 4 potions of mutation
 E - 6 potions of ambrosia
 F - 6 potions of cancellation
 I - 5 potions of heal wounds
 U - 3 potions of resistance
 Z - 4 potions of berserk rage


   Skills:
 O Level 27 Fighting
 + Level 25.3 Axes
 - Level 1.2(14.4) Polearms
 + Level 23.2 Armour
 - Level 0.4 Dodging
 + Level 23.3 Shields


You had 22 spell levels left.
You didn't know any spells.
Your spell library contained the following spells:

 Spells                   Type           Power      Damage    Failure   Level
 Apportation              Tloc           0%         N/A       47%         1
 Foxfire                  Conj/Fire      0%         2x1d4     47%         1
 Freeze                   Ice            0%         1d3       47%         1
 Kiss of Death            Conj/Necr      0%         2d5       47%         1
 Magic Dart               Conj           0%         1d3       47%         1
 Necrotise                Necr           0%         1d4       47%         1
 Sandblast                Erth           0%         2d4       47%         1
 Shock                    Conj/Air       0%         1d3       47%         1
 Sting                    Tmut/Pois      0%         1d3       47%         1
 Summon Small Mammal      Summ           0%         N/A       47%         1
 Blink                    Tloc           0%         N/A       63%         2
 Call Imp                 Summ           0%         N/A       63%         2
 Cigotuvi's Dreadful Rot  Necr/Pois/Air  0%         N/A       63%         2
 Ensorcelled Hibernation  Hex/Ice        0%         N/A       63%         2
 Momentum Strike          Conj/Tloc      0%         3d8       63%         2
 Passwall                 Tmut/Erth      0%         N/A       63%         2
 Poisonous Vapours        Pois/Air       0%         N/A       63%         2
 Searing Ray              Conj           0%         2d4       63%         2
 Static Discharge         Conj/Air       0%         2-2/arc   63%         2
 Call Canine Familiar     Summ           0%         N/A       85%         3
 Dazzling Flash           Conj/Hex       0%         N/A       85%         3
 Frozen Ramparts          Ice            0%         1d1       85%         3
 Hailstorm                Conj/Ice       0%         3d3       85%         3
 Inner Flame              Hex/Fire       0%         N/A       85%         3
 Lesser Beckoning         Tloc           0%         N/A       85%         3
 Mephitic Cloud           Conj/Pois/Air  0%         N/A       85%         3
 Ozocubu's Armour         Ice            0%         N/A       85%         3
 Portal Projectile        Hex/Tloc       0%         N/A       85%         3
 Spider Form              Tmut/Pois      0%         N/A       85%         3
 Stone Arrow              Conj/Erth      0%         3d7       85%         3
 Summon Guardian Golem    Hex/Summ       0%         N/A       85%         3
 Swiftness                Air            0%         N/A       85%         3
 Tukima's Dance           Hex            0%         N/A       85%         3
 Vampiric Draining        Necr           0%         2d6       85%         3
 Vhi's Electric Charge    Tloc/Air       0%         N/A       85%         3
 Airstrike                Air            0%         2d(0-16)  99%         4
 Anguish                  Hex/Necr       0%         N/A       99%         4
 Cause Fear               Hex            0%         N/A       99%         4
 Dispel Undead            Necr           0%         3d6       99%         4
 Ice Form                 Ice/Tmut       0%         N/A       99%         4
 Olgreb's Toxic Radiance  Pois           0%         N/A       99%         4
 Summon Ice Beast         Ice/Summ       0%         N/A       99%         4
 Summon Lightning Spire   Summ/Air       0%         N/A       99%         4
 Agony                    Necr           0%         N/A       100%        5
 Alistair's Intoxication  Tmut/Pois      0%         N/A       100%        5
 Arcjolt                  Conj/Air       0%         1d10      100%        5
 Blade Hands              Tmut           0%         N/A       100%        5
 Fireball                 Conj/Fire      0%         3d3       100%        5
 Iskenderun's Battlesphe  Conj           0%         2d6       100%        5
 Lightning Bolt           Conj/Air       0%         1d11      100%        5
 Metabolic Englaciation   Hex/Ice        0%         N/A       100%        5
 Summon Forest            Summ/Tloc      0%         N/A       100%        5
 Summon Mana Viper        Hex/Summ       0%         N/A       100%        5
 Death Channel            Necr           0%         N/A       100%        6
 Iron Shot                Conj/Erth      0%         9d1       100%        6
 Starburst                Conj/Fire      0%         6d3       100%        6
 Statue Form              Tmut/Erth      0%         N/A       100%        6
 Summon Cactus Giant      Summ           0%         N/A       100%        6
 Haunt                    Necr/Summ      0%         N/A       100%        7
 Monstrous Menagerie      Summ           0%         N/A       100%        7
 Spellforged Servitor     Conj/Summ      0%         N/A       100%        7
 Storm Form               Tmut/Air       0%         N/A       100%        7
 Discord                  Hex            0%         N/A       100%        8
 Disjunction              Tloc           0%         N/A       100%        8
 Infestation              Necr           0%         N/A       100%        8
 Maxwell's Capacitive Co  Air            0%         ∞         100%        8
 Dragon's Call            Summ           0%         N/A       100%        9
 Animate Dead             Necr           Unusable   N/A       N/A         4
 Simulacrum               Ice/Necr       Unusable   N/A       N/A         6

Dungeon Overview and Level Annotations

Branches:
Dungeon (15/15)            Temple (1/1) D:6            Lair (5/5) D:8
  Swamp (4/4) Lair:3        Snake (4/4) Lair:3        Slime (0/5) Lair:4
    Orc (2/2) D:10            Elf (3/3) Orc:2        Vaults (5/5) D:13
  Crypt (0/3) Vaults:2     Depths (0/4) D:15          Sewer (visited)
  IceCv (visited)          WizLab (visited)

Altars:
Ashenzari
Cheibriados
Dithmenos
Elyvilon
Fedhas
Gozag
Hepliaklqana
Kikubaaqudgha
Makhleb
Nemelex Xobeh
Okawaru
Qazlal
Ru
Sif Muna
Trog
Uskayaw
Vehumet
Wu Jian
Xom
Yredelemnul
Zin
The Shining One
Beogh
Jiyva

Shops:
D:7 *   D:9 *   Orc:1 *[=[[   Orc:2 [?*(   Elf:1 *   Elf:2 [   Elf:3 :
Lair:3 =*   Snake:1 ::*[*(?[   Snake:2 ?   Vaults:4 [:(   Vaults:5 [

Portals:
Trove: D:10 (give +5 ice dragon scales)

Annotations:
D:5 2 transporters, jfcaron's ghost, novice GnRe
D:15 2 transporters, exclusion: obsidian statue, Yamstis's ghost, adept GnMo
Orc:1 1 runed translucent door


Innate Abilities, Weirdness & Mutations

Your body sometimes deteriorates upon taking damage.
Your magical capacity is low. (-10% MP)
You occasionally lose the ability to drink potions when taking damage.
You occasionally lose the ability to read scrolls when taking damage.


Message History

You block the deep elf high priest's attack.
The deep elf demonologist mumbles some strange words.
The deep elf death mage moves out of view.
The Hell Sentinel is no longer distracted by gold.
The sixfirhy disappears in a puff of smoke!
The deep elf death mage is distracted by your dazzling golden aura.
The deep elf demonologist casts a spell.
The deep elf high priest is distracted by your dazzling golden aura.
The deep elf death mage shouts!
Things that are here:
8 gold pieces; a +0 long sword The deep elf high priest attacks as you move away!
You block the deep elf high priest's attack.
The deep elf high priest is no longer distracted by gold.
You slice the deep elf high priest!!
You kill the deep elf high priest!
The deep elf demonologist is distracted by your dazzling golden aura.
The Ice Fiend calls on the powers of darkness!
The deep elf demonologist convulses!
The deep elf demonologist shouts!
Your body is wracked with pain!
* * * LOW HITPOINT WARNING * * *
You see here 2 throwing nets.
The deep elf demonologist is no longer distracted by gold.
You see here 12 gold pieces.
You can drink potions again.
The Ice Fiend is distracted by your dazzling golden aura.
You feel much better.
The red devil hits you but does no damage.
A deep elf annihilator comes into view.
It is wielding a +0 vorpal great sword and wearing the amulet of the Present {Harm rC+++ Regen+ Str-5 Dex-3}.
The Hell Sentinel gestures at you.
The sphere of damnation explodes!
The damnation engulfs you!!
* * * LOW HITPOINT WARNING * * *
You hear a shout! x2
You block the red devil's attack.
You riposte.
The Hell Sentinel gestures at you.
The sphere of damnation explodes!
The damnation engulfs you!!
You feel threatened and lose the ability to drink potions!
You die...
Your body crumbles into a pile of gold.

############### #...#..
####.............####
#...#..
##....###............###
#...'..
.....#..1$.e($.e.......##
#...#..
$##$.e4.#####1..#.....#
#...#.. #.$$####
#..##.....###...#..
.....###
#.4.##.....##...#.. ##.e.
#....##....##...#.. #..4.
##@..###...###'##.. ..#..
#....##....#...#.. ..#..
#....###...#...#.. . #.e
##.....##..#...#..
#.....#...#...#..
#........#...#..
###....))#)..#..
####.)))..)#..
#####)..#..


You could see a Hell Sentinel (summoned), a deep elf demonologist and a red
devil (summoned).

Vanquished Creatures
  Mennas (Vaults:4)
  2 golden dragons (Vaults:5)
  A Cloud Mage (WizLab)
  Jorgrun (Elf:1)
  Zenata (Vaults:3)
  2 tentacled monstrosities
  A lich (Vaults:5)
  An acid blob (shapeshifter) (Vaults:5)
  4 titans (Vaults:5)
  A deep elf master archer (Elf:3)
  Gastronok (Lair:2)
  5 sphinxes
  2 thorn hunters (Swamp:4)
  3 tengu reavers (Vaults:5)
  Donald (Vaults:1)
  3 storm dragons (Vaults:5)
  A fire giant (shapeshifter) (Vaults:5)
  The ghost of IdlyInterested the Unseen, an adept DsWn (Snake:1)
  4 shadow dragons
  6 nagarajas
  An iron dragon (Vaults:5)
  3 deep elf sorcerers
  19 vault wardens
  3 fire giants
  Aizul (Swamp:1)
  Louise (Snake:3)
  19 ironbound preservers
  The ghost of Ulia the Imperceptible, an adept KoSu of Dithmenos (Lair:2)
  4 deep elf elementalists (Elf:3)
  A juggernaut skeleton (D:15)
  10 very ugly things
  5 ironbound thunderhulks
  An orc warlord (Vaults:2)
  3 eleionomae
  8 stone giants
  A war gargoyle (Vaults:5)
  3 deep elf demonologists
  2 bunyips
  A spark wasp (WizLab)
  6 deep elf annihilators
  19 dire elephants
  An eidolon (Vaults:2)
  A spark wasp (shapeshifter) (Vaults:4)
  4 blizzard demons (WizLab)
  5 deep elf death magi
  2 entropy weavers
  An entropy weaver (shapeshifter) (Elf:1)
  2 ettins (Vaults:5)
  A shambling mangrove (Swamp:3)
  5 deep elf high priests
  A great orb of eyes (Vaults:2)
  10 yaktaur captains
  33 vault guards
  4 spriggan air magi (WizLab)
  6 ghost crabs
  20 hydras
  A catoblepas (D:10)
  4 ogre magi
  2 salamander tyrants
  2 boulder beetles
  14 two-headed ogres
  8 centaur warriors
  8 anacondas
  35 dancing weapons
  12 ironbound frosthearts
  Erica (D:9)
  8 death yaks
  2 tengu warriors (D:14)
  An alligator (Swamp:2)
  A deep troll earth mage (Vaults:5)
  2 spriggan berserkers (Swamp:4)
  16 naga warriors
  A vampire mage (Vaults:2)
  A spectral dire elephant (Lair:5)
  18 naga sharpshooters
  9 shock serpents
  8 deep elf knights
  A hell knight (Vaults:5)
  Amaemon (D:9)
  2 spectral death yaks (Lair:5)
  2 salamander mystics
  A spectral anaconda (Lair:5)
  11 skeletal warriors
  A death drake (WizLab)
  A glowing orange brain (Vaults:4)
  11 bog bodies
  2 goliath frogs (Swamp:1)
  6 spriggan druids
  51 deep trolls
  16 swamp dragons
  5 necromancers
  6 naga ritualists
  A tengu zombie (D:15)
  6 wizards
  Pikel (D:6)
  An obsidian statue (Lair:5)
  9 deep elf archers
  17 ironbound convokers
  3 phantasmal warriors
  30 deep elf pyromancers
  4 mana vipers
  21 deep elf zephyrmancers
  6 orc knights
  3 manticores
  2 will-o-the-wisps
  14 salamanders
  36 ugly things
  3 cyclopes
  An ice statue (IceCv)
  A dire elephant zombie (Lair:5)
  27 elephants
  An orange demon (D:9)
  31 black mambas
  21 vault sentinels
  A torpor snail (Lair:3)
  24 naga magi
  5 guardian serpents
  2 apocalypse crabs (WizLab)
  Maurice (D:9)
  2 gargoyles
  2 unseen horrors
  10 cane toads
  Maggie (D:8)
  4 komodo dragons
  2 freezing wraiths
  A dire elephant skeleton (Lair:5)
  A kobold demonologist (D:8)
  An efreet (D:13)
  39 yaktaurs
  5 tengu conjurers
  2 anaconda simulacra (IceCv)
  A meliai (shapeshifter) (D:15)
  2 ice devils (Lair:1)
  A guardian mummy (D:15)
  A queen bee (shapeshifter) (Vaults:5)
  14 trolls
  14 hornets
  5 polar bears
  4 tyrant leeches
  2 spectral elephants (Lair:5)
  2 wind drakes (WizLab)
  A slime creature (shapeshifter) (Vaults:5)
  Prince Ribbit (D:6)
  Grinder (Sewer)
  28 slime creatures
  12 blink frogs
  5 dream sheep (Lair:4)
  12 air elementals (WizLab)
  An ettin skeleton (D:15)
  2 water elementals (Elf:3)
  3 shadows
  A dire elephant simulacrum (Lair:5)
  14 spriggans
  2 wraiths
  4 basilisks
  4 wyverns
  A golden eye (shapeshifter) (Vaults:5)
  44 yaks
  5 fire elementals
  21 vampire mosquitoes
  3 death yak simulacra (IceCv)
  Grum (D:8)
  A steam dragon (D:9)
  3 redbacks
  6 wargs
  38 nagas
  A spectral cane toad (Lair:5)
  25 swamp worms
  A glowing shapeshifter zombie (D:15)
  A harpy simulacrum (IceCv)
  2 hydra simulacra (IceCv)
  Duvessa (D:4)
  13 water moccasins
  20 orc warriors
  2 ice beasts (D:6)
  5 black bears
  9 swamp drakes (Swamp:4)
  An elephant zombie (Lair:5)
  A meliai simulacrum (D:15)
  24 ogres
  4 sky beasts
  26 wolves
  3 boggarts (Vaults:1)
  13 centaurs
  A phantom (D:4)
  3 lemures (D:6)
  13 kobold brigands
  6 gnoll sergeants
  3 necrophages
  10 bullfrogs
  2 cane toad simulacra
  A two-headed ogre simulacrum (IceCv)
  3 scorpions
  An earth elemental (Elf:3)
  5 wights (D:9)
  Dowan (D:4)
  2 elephant simulacra (Lair:5)
  11 killer bees
  An electric eel (Elf:3)
  7 howler monkeys
  15 jellies
  5 lava snakes (D:14)
  2 quasits (Sewer)
  13 orc priests
  5 hounds
  Crazy Yiuf (D:3)
  6 gnoll boudas
  5 iguanas
  22 orc wizards
  7 troll simulacra (IceCv)
  10 spriggan simulacra (IceCv)
  2 polar bear simulacra (IceCv)
  6 wolf simulacra (IceCv)
  43 gnolls
  6 adders
  3 naga simulacra (IceCv)
  2 shadow imps (Sewer)
  7 white imps
  7 ufetubi
  2 adder zombies (Sewer)
  3 worms
  A dart slug (D:1)
  60 orcs
  6 ball pythons
  11 endoplasms
  3 giant cockroaches
  5 goblins
  7 hobgoblins
  6 jackals
  9 quokkas
  6 bats
  4 frilled lizards
  45 kobolds
  8 rats
  A spectral orc (D:3)
  8 briar patches (Swamp:4)
  A bush (Lair:5)
1698 creatures vanquished.

Vanquished Creatures (others)
  A hydra (Swamp:4)
  A wind drake (WizLab)
  An air elemental (WizLab)
  A swamp worm (Swamp:3)
  A bullfrog (D:9)
  2 endoplasms (Sewer)
  3 briar patches (Swamp:4)
  12 foxfires (Swamp:2)
  12 fungi
  29 plants
  30 withered plants
93 creatures vanquished.

Grand Total: 1791 creatures vanquished

Notes
Turn   | Place    | Note
-------+----------+-------------------------------------------
     0 | D:1      | p00ps00p the Hill Orc Fighter began the quest for the Orb.
     0 | D:1      | Reached XP level 1. HP: 19/19 MP: 1/1
   123 | D:1      | Reached skill level 4 in Fighting
   192 | D:1      | Reached XP level 2. HP: 27/27 MP: 2/2
   279 | D:1      | Found a faded altar of an unknown god.
   393 | D:1      | Reached XP level 3. HP: 34/35 MP: 3/3
   406 | D:1      | Reached skill level 5 in Fighting
  1032 | D:2      | Reached XP level 4. HP: 44/44 MP: 4/4
  1124 | D:2      | Identified the +4 spear of Crawling {vamp, Fly rC+++ rN+
                  | Stlth-}
  1240 | D:2      | Reached skill level 6 in Fighting
  1659 | D:3      | Found a runed translucent door.
  1660 | D:3      | Noticed Crazy Yiuf
  1686 | D:3      | Found a white marble altar of Elyvilon.
  1693 | D:3      | Found a sacrificial altar of Ru.
  1696 | D:3      | Found a shadowy altar of Dithmenos.
  1696 | D:3      | Found a stormy altar of Qazlal.
  1706 | D:3      | Found a shimmering blue altar of Sif Muna.
  1740 | D:3      | Found a basalt altar of Yredelemnul.
  1915 | D:3      | Found a hazy altar of Hepliaklqana.
  1918 | D:3      | Found a bloodstained altar of Trog.
  1918 | D:3      | Found an ancient bone altar of Kikubaaqudgha.
  1921 | D:3      | Found an opulent altar of Gozag.
  1936 | D:3      | Became a worshipper of Gozag Ym Sagoz the Greedy
  2400 | D:3      | Killed Crazy Yiuf
  2401 | D:3      | Reached skill level 7 in Fighting
  2401 | D:3      | Reached XP level 5. HP: 30/52 MP: 2/5
  2618 | D:4      | Noticed a black bear
  2746 | D:3      | Killed a black bear
  2747 | D:3      | Reached skill level 8 in Fighting
  2747 | D:3      | Reached XP level 6. HP: 45/62 MP: 6/6
  3010 | D:4      | Reached skill level 9 in Fighting
  3010 | D:4      | Reached XP level 7. HP: 42/70 MP: 7/7
  3138 | D:4      | Noticed Duvessa
  3138 | D:4      | Noticed Dowan
  3152 | D:5      | Entered Level 5 of the Dungeon
  3152 | D:5      | Found a transporter.
  3155 | D:5      | Noticed jfcaron's ghost (novice GnRe)
  3191 | D:5      | Found a glowing drain.
  3209 | Sewer    | Entered a sewer
  3328 | Sewer    | Found a burning altar of Makhleb.
  3346 | Sewer    | Noticed Grinder
  3368 | Sewer    | Killed Grinder
  3369 | Sewer    | Reached skill level 10 in Fighting
  3369 | Sewer    | Reached skill level 1 in Polearms
  3847 | D:5      | Reached XP level 8. HP: 73/79 MP: 8/8
  3980 | D:5      | Reached skill level 5 in Armour
  3980 | D:5      | Reached skill level 5 in Shields
  3980 | D:5      | Found a blossoming altar of Fedhas.
  4478 | D:5      | Found a transporter.
  4958 | D:4      | Killed Duvessa
  4964 | D:4      | Killed Dowan
  4965 | D:4      | Reached XP level 9. HP: 75/85 MP: 9/9
  5416 | D:6      | Found a staircase to the Ecumenical Temple.
  5509 | D:6      | Identified a scroll of acquirement
  5509 | D:6      | Acquired the +0 pair of fencer's gloves {Riposte Dex+3}
  5509 | D:6      | Found the +0 pair of fencer's gloves {Riposte Dex+3}
  6302 | D:7      | Noticed Prince Ribbit
  6304 | D:7      | Noticed Pikel
  6324 | D:6      | Killed Prince Ribbit
  6430 | D:6      | Killed Pikel
  6662 | D:7      | Reached XP level 10. HP: 88/93 MP: 10/10
  6766 | D:7      | Found Serromiagh's General Store.
  6772 | D:7      | Bought a scroll of enchant armour for 120 gold pieces
  6772 | D:7      | Bought a potion of heal wounds for 80 gold pieces
  6772 | D:7      | Bought a scroll of enchant weapon for 120 gold pieces
  7333 | D:7      | Found an ornate altar of the Wu Jian Council.
  7795 | D:7      | Found a burning altar of Makhleb.
  8544 | Temple   | Entered the Ecumenical Temple
  8652 | D:8      | Paralysed by a hornet for 2 turns
  8656 | D:8      | Reached skill level 10 in Armour
  8656 | D:8      | Reached skill level 10 in Shields
  9043 | D:8      | Reached skill level 5 in Axes
  9046 | D:8      | Noticed Grum
  9066 | D:8      | Killed Grum
  9513 | D:8      | Reached skill level 10 in Axes
  9638 | D:8      | Found a staircase to the Lair.
  9901 | D:8      | Noticed Maggie
  9910 | D:8      | Killed Maggie
  9911 | D:8      | Reached XP level 11. HP: 99/99 MP: 11/11
 10039 | D:8      | Reached skill level 15 in Axes
 10283 | D:9      | Noticed Maurice
 10472 | D:9      | Killed Maurice
 10880 | D:9      | Found Bumuuf's Assorted Antiques.
 10927 | D:9      | Bought a scroll of teleportation for 93 gold pieces
 11085 | D:9      | Noticed Amaemon
 11101 | D:9      | Killed Amaemon
 11328 | D:9      | Noticed Erica
 11338 | D:9      | Killed Erica
 11765 | D:10     | Entered Level 10 of the Dungeon
 11824 | D:10     | Noticed a six-headed hydra
 11824 | D:10     | Noticed a catoblepas
 11858 | D:10     | Killed a catoblepas
 12085 | D:10     | Noticed a purple ugly thing
 12089 | D:10     | Killed a four-headed hydra
 12090 | D:10     | Reached XP level 12. HP: 25/106 MP: 12/12
 12359 | D:10     | Found a portal to a secret trove of treasure.
 12780 | D:10     | Noticed a two-headed ogre
 12789 | D:10     | Killed a two-headed ogre
 12860 | D:10     | Found a staircase to the Orcish Mines.
 12870 | D:10     | Found a roughly hewn altar of Beogh.
 13146 | D:10     | Identified the +3 flail "Poots" {vorpal, rC+}
 13865 | D:11     | Noticed an ogre mage
 13865 | D:11     | Noticed a two-headed ogre
 13865 | D:11     | Noticed a two-headed ogre
 13866 | D:11     | Noticed a two-headed ogre
 13871 | D:11     | Killed an ogre mage
 13875 | D:11     | Killed a two-headed ogre
 13879 | D:11     | Killed a two-headed ogre
 13886 | D:11     | Killed a two-headed ogre
 14070 | D:11     | Noticed a two-headed ogre
 14077 | D:11     | Killed a two-headed ogre
 15433 | D:12     | Reached XP level 13. HP: 85/113 MP: 13/13
 15611 | D:12     | Identified the +10 war axe "Ozuphuhu" {venom, rPois rF+
                  | Dex+3}
 15616 | D:12     | Identified the +2 scale mail of Beogh {Harm *Corrode rC+
                  | Int+3}
 16027 | Lair:1   | Entered Level 1 of the Lair of Beasts
 16168 | Lair:1   | Found a frozen archway.
 16189 | IceCv    | Entered an ice cave
 16654 | IceCv    | Reached skill level 11 in Fighting
 19825 | Lair:2   | Noticed Gastronok
 19849 | Lair:2   | Killed Gastronok
 20411 | Lair:2   | Found the +13 scythe of Curses {drain, Drain}
 20416 | Lair:2   | Found a runed translucent door.
 20450 | Lair:2   | Reached skill level 12 in Fighting
 20908 | Lair:2   | Noticed Ulia's ghost (adept KoSu)
 20929 | Lair:3   | Found a staircase to the Swamp.
 21256 | Lair:3   | Reached XP level 14. HP: 127/127 MP: 14/14
 21630 | Lair:3   | Found a staircase to the Snake Pit.
 21830 | Lair:3   | Reached skill level 13 in Fighting
 22625 | Lair:4   | Found a viscous altar of Jiyva.
 22626 | Lair:4   | Found a staircase to the Slime Pits.
 23235 | Orc:1    | Entered Level 1 of the Orcish Mines
 23731 | Orc:1    | Found a runed translucent door.
 23734 | Orc:1    | Noticed a balrug
 23987 | Orc:2    | Entered Level 2 of the Orcish Mines
 24513 | Orc:2    | Reached skill level 14 in Fighting
 25283 | Orc:1    | Reached XP level 15. HP: 139/139 MP: 15/15
 25493 | Orc:2    | Found a staircase to the Elven Halls.
 25709 | Orc:2    | Found Fejol's General Store.
 25711 | Orc:2    | Found Siheraar's Weapon Shoppe.
 25714 | Orc:2    | Found Ditsyi's Antique Armour Emporium.
 25716 | Orc:2    | Found Usag's Magic Scroll Emporium.
 25746 | Orc:2    | Bought a scroll of blinking for 127 gold pieces
 25746 | Orc:2    | Bought a scroll of teleportation for 51 gold pieces
 25751 | Orc:2    | Bought a ripped robe for 210 gold pieces
 25751 | Orc:2    | Identified the +1 robe "Feamem" {-Cast rPois rF- Dex+7}
                  | (You bought it in a shop on level 2 of the Orcish Mines)
 26113 | Orc:1    | Bought a potion of curing for 93 gold pieces
 26113 | Orc:1    | Bought a potion of curing for 93 gold pieces
 26113 | Orc:1    | Bought a potion of curing for 93 gold pieces
 26113 | Orc:1    | Bought a potion of curing for 93 gold pieces
 26123 | Orc:1    | Bought a translucent ring mail for 351 gold pieces
 26123 | Orc:1    | Identified the +1 ring mail of Dalou {rC+ Will+ Int-2} (You
                  | bought it in a shop on level 1 of the Orcish Mines)
 26123 | Orc:1    | Bought a runed kite shield for 292 gold pieces
 26315 | D:13     | Found a gate to the Vaults.
 26334 | D:13     | Reached skill level 15 in Fighting
 27739 | D:14     | Reached skill level 15 in Armour
 27739 | D:14     | Reached skill level 15 in Shields
 28582 | Orc:1    | Bought the amulet of Ytemp {Spirit *Corrode rC+ Will+
                  | Regen+} for 836 gold pieces
 29714 | D:15     | Entered Level 15 of the Dungeon
 29738 | D:15     | Reached skill level 16 in Fighting
 29832 | D:15     | Found a transporter.
 29836 | D:15     | Found a transporter.
 30121 | D:15     | Reached XP level 16. HP: 151/151 MP: 16/16
 30343 | D:15     | Found a staircase to the Depths.
 30520 | D:15     | Found a shimmering blue altar of Sif Muna.
 30579 | D:15     | Noticed Yamstis's ghost (adept GnMo)
 30949 | Lair:5   | Entered Level 5 of the Lair of Beasts
 31494 | Lair:5   | Reached skill level 17 in Fighting
 31807 | Lair:5   | Identified the +12 war axe of Amortisation {venom, *Noise
                  | Will+ Int+3 Dex+7}
 32642 | Elf:1    | Entered Level 1 of the Elven Halls
 32919 | Elf:1    | Found Item's Assorted Antiques.
 32968 | Elf:1    | Bought a pair of glowing boots for 165 gold pieces
 33285 | Elf:1    | Reached XP level 17. HP: 116/163 MP: 12/17
 33399 | Elf:1    | Got Sif Muna's Compendium of Productive Blows and Bruises
 33532 | Elf:1    | Reached skill level 18 in Fighting
 33673 | Elf:1    | Noticed Jorgrun
 33688 | Elf:1    | Killed Jorgrun
 34287 | Elf:2    | Identified the +0 pair of gloves "Vimar Cipu" {rElec rF+++
                  | Will- Str+9 Int-2}
 34699 | Elf:2    | Found a runed translucent gate.
 34699 | Elf:2    | Found a runed translucent gate.
 34700 | Elf:2    | Found a runed translucent gate.
 35191 | Elf:2    | Bought a distressingly furry chain mail for 342 gold pieces
 35191 | Elf:2    | Identified the +0 chain mail of the Morning {Rampage Drain
                  | rElec Str+2} (You bought it in a shop on level 2 of the
                  | Elven Halls)
 35282 | Elf:2    | Reached skill level 19 in Fighting
 35915 | Swamp:1  | Entered Level 1 of the Swamp
 36213 | Swamp:1  | Noticed Aizul
 36226 | Swamp:1  | Killed Aizul
 36227 | Swamp:1  | Reached XP level 18. HP: 158/176 MP: 14/18
 36455 | Swamp:1  | Noticed a tentacled monstrosity
 36456 | Swamp:1  | Found the ring of the Tortoise {AC+8}
 36480 | Swamp:1  | Killed a tentacled monstrosity
 37269 | Swamp:3  | Identified the +0 helmet "Jaoter" {rC- Will+ Dex+2}
 37810 | Swamp:4  | Entered Level 4 of the Swamp
 38088 | Swamp:4  | Reached skill level 20 in Fighting
 38962 | Swamp:4  | Got a decaying rune of Zot
 39229 | Lair:2   | Killed Ulia's ghost
 39237 | Lair:2   | Got Gell's Collected Works on Superposition
 39299 | Snake:1  | Entered Level 1 of the Snake Pit
 39359 | Snake:1  | Found Qiun's Tremendous Tomes.
 39473 | Snake:1  | Found Erucuelula's Armour Shoppe.
 39475 | Snake:1  | Found Yfeoj's Assorted Antiques.
 39480 | Snake:1  | Found Uxoamutej's Book Shoppe.
 40074 | Snake:1  | Found Cobuurunn's Weapon Boutique.
 40075 | Snake:1  | Found Xugruquqi's Armour Shop.
 40085 | Snake:1  | Found Beenog's Magic Scroll Shop.
 40088 | Snake:1  | Found Dall's Assorted Antiques.
 40099 | Snake:1  | Bought a scroll of enchant weapon for 172 gold pieces
 40106 | Snake:1  | Bought a scroll of teleportation for 45 gold pieces
 40144 | Snake:1  | Found a runed translucent door.
 40144 | Snake:1  | Noticed IdlyInterested's ghost (adept DsWn)
 40425 | Snake:1  | Killed IdlyInterested's ghost
 40426 | Snake:1  | Reached XP level 19. HP: 187/187 MP: 19/19
 40614 | Snake:2  | Found Eklihuz's Magic Scroll Shoppe.
 40623 | Snake:2  | Bought a scroll of enchant weapon for 105 gold pieces
 40623 | Snake:2  | Bought a scroll of fear for 56 gold pieces
 40623 | Snake:2  | Bought a scroll of fear for 56 gold pieces
 40623 | Snake:2  | Bought a scroll of teleportation for 42 gold pieces
 40623 | Snake:2  | Bought a scroll of magic mapping for 105 gold pieces
 40623 | Snake:2  | Bought a scroll of blinking for 105 gold pieces
 40623 | Snake:2  | Bought a scroll of teleportation for 42 gold pieces
 40922 | Snake:2  | Identified the +4 dagger of Accidental Termination {freeze,
                  | Str+2 Int+4 Dex+3}
 41697 | Snake:3  | Noticed Louise
 41709 | Snake:3  | Killed Louise
 41801 | Snake:3  | Reached skill level 21 in Fighting
 42810 | Snake:4  | Entered Level 4 of the Snake Pit
 43960 | Snake:4  | Got a serpentine rune of Zot
 44283 | Snake:4  | Reached XP level 20. HP: 200/200 MP: 20/20
 44605 | Lair:3   | Bought the ring of Ykua {rF+ Str+6 Int+6 Dex+5} for 1315
                  | gold pieces
 44949 | Vaults:1 | Entered Level 1 of the Vaults
 44967 | Vaults:1 | Identified the +5 ring mail "Esuixzegg" {Harm rPois rF-
                  | Str+5}
 45024 | Vaults:1 | Reached skill level 22 in Fighting
 45128 | Vaults:1 | Noticed Donald
 45135 | Vaults:1 | Killed Donald
 45330 | Vaults:1 | Identified the +9 dagger "Concordance" {drain, rN++ MP-9}
 47084 | Vaults:2 | Found a staircase to the Crypt.
 47851 | Vaults:3 | Found a magical portal.
 47860 | WizLab   | Entered The Chambers of the Cloud Mage
 47873 | WizLab   | Paralysed by an air elemental for 1 turns
 47916 | WizLab   | Paralysed by an air elemental for 1 turns
 47946 | WizLab   | Paralysed by an air elemental for 1 turns
 47949 | WizLab   | Paralysed by an air elemental for 1 turns
 47955 | WizLab   | Paralysed by an air elemental for 1 turns
 48222 | WizLab   | Paralysed by an air elemental for 1 turns
 48261 | WizLab   | Paralysed by an air elemental for 1 turns
 48265 | WizLab   | Reached XP level 21. HP: 206/210 MP: 19/21
 48270 | WizLab   | Paralysed by an air elemental for 1 turns
 48310 | WizLab   | Paralysed by an air elemental for 1 turns
 48505 | WizLab   | Paralysed by an air elemental for 1 turns
 48509 | WizLab   | Paralysed by an air elemental for 1 turns
 48534 | WizLab   | Reached skill level 23 in Fighting
 48600 | WizLab   | Paralysed by an air elemental for 1 turns
 48628 | WizLab   | Identified the ring "Peot" {Fly Str-3 Dex+5}
 48638 | WizLab   | Got Moyxzi's Almanac of the Tempest
 48791 | Vaults:3 | Identified the +3 scimitar of Descent {spect, Int+4}
 48814 | Vaults:3 | Noticed Zenata
 48832 | Vaults:3 | Killed Zenata
 48855 | Vaults:3 | Identified the ring "Tagaad" {rElec rF+ rC+ Int+5 Slay+4}
 50016 | Vaults:4 | Noticed Mennas
 50043 | Vaults:4 | Killed Mennas
 51269 | Vaults:4 | Reached XP level 22. HP: 222/222 MP: 22/22
 51492 | Vaults:4 | Found Ekegel's Armour Boutique.
 51902 | D:1      | Upgraded the game from 0.30-a0-335-ge5acde7520 to
                  | 0.30-a0-339-g89bb51ec76
 52809 | Vaults:5 | Entered Level 5 of the Vaults
 52920 | Vaults:4 | Reached skill level 24 in Fighting
 53179 | Vaults:5 | Noticed a golden dragon
 53192 | Vaults:5 | Killed a golden dragon
 53320 | Vaults:5 | Gained mutation: You occasionally lose the ability to read
                  | scrolls when taking damage. [a cacodemon]
 53325 | Vaults:5 | Gained mutation: You have hidden genetic defects. [a
                  | cacodemon]
 53328 | Vaults:5 | Gained mutation: You occasionally lose the ability to drink
                  | potions when taking damage. [a cacodemon]
 53746 | Vaults:5 | Identified the +7 whip of the Lesser Evil {drain, rC- rN+
                  | Will+ Str+5}
 53991 | Vaults:5 | Gained mutation: Your body sometimes deteriorates upon
                  | taking damage. [hidden defects]
 54589 | Vaults:5 | Noticed a golden dragon
 54594 | Vaults:5 | Killed a golden dragon
 54595 | Vaults:5 | Reached skill level 25 in Fighting
 54825 | Vaults:5 | Gained mutation: Your magical capacity is low. (-10% MP)
                  | [hidden defects]
 54825 | Vaults:5 | Lost mutation: You have hidden genetic defects. [hidden
                  | defects expressed]
 54829 | Vaults:5 | Reached skill level 26 in Fighting
 54838 | Vaults:5 | Reached XP level 23. HP: 180/223 MP: 16/20
 55019 | Vaults:5 | Got a silver rune of Zot
 55366 | Vaults:5 | Got the Folio of Lethal Conflagration
 55375 | Vaults:5 | Got the Anthology of the Figure
 55377 | Vaults:5 | Identified the +2 plate armour of the Sky {rC- rCorr Str+8}
 55490 | Vaults:5 | Bought +1 pearl dragon scales for 1573 gold pieces
 55844 | Elf:3    | Entered Level 3 of the Elven Halls
 55989 | Elf:3    | Found Moeshryco's Book Shoppe.
 56048 | Elf:3    | Found a radiant altar of Vehumet.
 56055 | Elf:3    | Reached skill level 27 in Fighting
 56785 | Elf:3    | Identified the +2 morningstar of Wughe {vorpal, rElec rF+
                  | Str+3 SInv}
 56801 | Elf:3    | Identified the +8 falchion "Hellblazer" {vorpal, rPois
                  | Will+}
 56825 | Elf:3    | Identified the amulet of the Present {Harm rC+++ Regen+
                  | Str-5 Dex-3}
 56831 | Elf:3    | Killed from afar by a Hell Sentinel

Illustrated notes

Levels and vault maps discovered:
D:1:      lightli_arrival_lavapool, layout_basic,
          hellmonk_ecumenical_altar_blasted
D:2:      layout_basic
D:3:      layout_basic, yredelemnul_forgotten_temple_becter,
          nicolae_overflow_hallway_of_the_gods, grunt_temple_overflow_open,
          minmay_shallow_snake_nest, uniq_crazy_yiuf_cottage
D:4:      layout_rooms, uniq_duvessa
D:5:      layout_basic, kennysheep_mini_moat, gammafunk_ghost_smash,
          cheibrodos_sewer_entry_drain, hangedman_abyss_or_decor_lesser_grid
D:6:      layout_basic, temple_pool_b, item_on_display_a
D:7:      layout_layer_cave, pdpol_wu_jian_five_deadly_venoms, kennysheep_mini,
          serial_shops, nicolae_shop_hallway_plus, uniq_pikel,
          uniq_prince_ribbit1
D:8:      layout_loops_ring, minmay_lair_entry_grove, special_room
          [special_room_kobold], minmay_misc_feat_iff, minmay_manual_mares,
          uniq_grum, uniq_maggie
D:9:      minmay_s_stair_smasher, layout_rooms, serial_shops,
          nicolae_diamond_shop, uniq_amaemon, uniq_erica, uniq_maurice
D:10:     minmay_tri_box, layout_stronghold, minmay_orc_entry_temple_small,
          nicolae_trove_entry_isolated
D:11:     layout_layer_cave, chequers_serial_rivers_micro_a
D:12:     layout_rooms, grunt_decor_mini_mirrors
D:13:     layout_gridville, lightli_vaults_fourway_checkpoint
D:14:     kennysheep_big_flooded_room, layout_basic, minivault_19
D:15:     gammafunk_depths_entry_grave, layout_loops_ring,
          lemuel_blue_sif_altar, nzn_ghost_randoct, hangedman_decor_riveting,
          billiards_dpeg
Temple:   nicolae_temple_cloud_nine
Lair:1:   layout_hall_layers, portal_ice_cave_demonic_guard, grunt_megastairs_2
Lair:2:   layout_loops_ring, ebering_ghost_reflecting_pool, serial_bayou_pond_c,
          lemuel_fruit_tree, grunt_megastairs_1, uniq_gastronok
Lair:3:   layout_big_grid, skrybe_swamp_entry_bodies,
          minmay_snake_entry_guardpost_small, forest_entry_grove
Lair:4:   layout_roguey, minmay_slime_entry_jelly_boxes, serial_bayou_shore_b,
          infiniplex_staircase_pool_2, grunt_megastairs_4
Lair:5:   due_jungle_book, layout_loops_ring
Swamp:1:  cheibrodos_swamp_monstrosity, layout_falls_marsh, hangedman_swamp_pad,
          uniq_aizul
Swamp:2:  layout_basic_swamp, hangedman_swamp_ruin_hall
Swamp:3:  layout_falls_marsh, evilmike_swamp_ruin_house_3
Swamp:4:  swamp_basic_johnstein, layout_basic_swamp
Snake:1:  layout_basic, gammafunk_ghost_grave, nicolae_shop_i_like_big_books,
          nicolae_snake_serpentine_bazaar, minmay_shop_star
Snake:2:  layout_layer_cave, serial_shops, nicolae_square_shop
Snake:3:  layout_grid_maze, uniq_louise
Snake:4:  snake_pit, layout_cave_town
Orc:1:    dreamdust_dug_too_deep, layout_caves
Orc:2:    st_orc_open, layout_caves, mines5_lemuel
Elf:1:    eino_elf_arrival_the_gate, layout_gridlike, serial_shops, shop,
          minmay_elf_sorcery, solitary_fountain, st_stairs_13, uniq_jorgrun
Elf:2:    nicolae_elf_blades_splatter_lattice [grunt_blade_entry_basic],
          layout_gridlike, nicolae_twisting_strands,
          nicolae_elf_variegated_diamond
Elf:3:    minmay_elf_hall_curves, layout_geoelf_castle, basic_altar,
          serial_shops, nicolae_shop_hallway_plus
Vaults:1: nicolae_vaults_alarming, v_misc_26, nicolae_vaults_little_squares_5,
          v_rooms_6, vaults_dpeg_cross, vaults_room_pools,
          nicolae_vaults_little_squares_2, dpeg_vaults_monster_box, v_misc_10,
          v_rooms_2, layout_vaults_omnicross, uniq_donald
Vaults:2: minmay_crypt_entry_simple_statues, v_alt_pattern_2,
          ontoclasm_vaults_pinch, hangedman_vaults_slice,
          nicolae_vaults_network_square, ontoclasm_vaults_eye,
          vaults_room_glass_cross, layout_vaults_quadrants, uniq_margery
Vaults:3: mu_enter_wizlab_3, nicolae_vaults_little_squares_2,
          grunt_vaults_twisty, v_alt_pattern_6, nicolae_vaults_little_squares_5,
          hangedman_vaults_stitches, v_alt_pattern_6, v_misc_28, v_misc_27,
          vaults_room_pool, v_misc_15, grunt_vaults_focal,
          layout_vaults_omnibox, uniq_zenata
Vaults:4: nicolae_vaults_rhombus_5, ontoclasm_vaults_chip,
          hangedman_vaults_locks, v_alt_pattern_6, v_rooms_3,
          hangedman_vaults_impose, v_misc_23,
          vaults_standard_mumra_enter_the_diamond, hangedman_vaults_cutoff,
          layout_vaults_chaotic_city, serial_shops, shop, uniq_mennas
Vaults:5

Skill      XL: |  1  2  3  4  5  6  7  8  9 10 11 12 13 14 15 16 17 18 19 20 21 22 23 |
---------------+----------------------------------------------------------------------+-----
Fighting       | 4 5 7 8 9 10 12 14 16 17 19 20 21 22 23 26 27 | 27.0
Polearms       | 1 |  1.2
Armour         | 4 6 9 10 12 14 15 17 18 19 20 21 22 23 | 23.2
Shields        | 4 6 9 10 12 14 15 17 18 19 20 21 22 23 | 23.3
Axes           | 13 19 22 23 24 25 | 25.3
Dodging        | |  0.4

Action                   |  1- 3 |  4- 6 |  7- 9 | 10-12 | 13-15 | 16-18 | 19-21 | 22-24 || total
-------------------------+-------+-------+-------+-------+-------+-------+-------+-------++-------
Melee: War axe           |    78 |    10 |       |   507 |   644 |   956 |  1180 |   519 ||  3894
       Spear             |       |   170 |   393 |    40 |   322 |       |       |       ||   925
       Unarmed           |       |       |     5 |       |       |       |       |       ||     5
       Scimitar          |       |       |       |     5 |    23 |   114 |       |       ||   142
Throw: Dart              |       |       |       |     3 |       |     7 |       |       ||    10
Invok: Call Merchant     |       |       |       |       |     5 |     2 |     1 |     3 ||    11
Evoke: Wand              |       |       |     5 |       |     8 |     1 |     4 |       ||    18
  Use: Scroll            |     2 |     7 |    11 |    10 |    18 |     9 |     6 |       ||    63
       Potion            |       |       |     6 |     5 |     5 |     3 |       |     1 ||    20
 Stab: Distracted        |       |       |       |     1 |    16 |    16 |    17 |     6 ||    56
       Sleeping          |       |       |       |       |       |     1 |       |       ||     1
       Confused          |       |       |       |       |       |     2 |       |       ||     2
       Fleeing           |       |       |       |       |       |     2 |       |       ||     2
Armor: Scale mail        |    60 |   113 |   263 |   117 |       |       |       |       ||   553
       Skin              |       |       |     3 |       |       |       |       |       ||     3
       Swamp dragon scal |       |       |       |   143 |   321 |   146 |       |       ||   610
       Chain mail        |       |       |       |       |       |   416 |   568 |   149 ||  1133
       Pearl dragon scal |       |       |       |       |       |       |       |    47 ||    47
Dodge: Dodged            |    55 |    80 |   216 |   211 |   304 |   285 |   243 |   111 ||  1505
Block: Buckler           |    32 |    67 |   196 |   321 |   370 |       |       |       ||   986
       Kite shield       |       |       |       |       |   212 |   930 |  1056 |   387 ||  2585
       Reflection        |       |       |       |       |    32 |    79 |   132 |    42 ||   285
       Rpst.: Spear      |       |       |    30 |    24 |    39 |       |       |       ||    93
       War axe           |       |       |       |   114 |   188 |   286 |   300 |   102 ||   990
       Scimitar          |       |       |       |     7 |    17 |    58 |       |       ||    82

Table legend: (Time is in decaauts)
 A = Elapsed time spent in this place.
 B = Non-inter-level travel time spent in this place.
 C = Inter-level travel time spent in this place.
 D = Time resting spent in this place.
 E = Time spent auto-exploring this place.
 F = Levels seen in this place.
 G = Mean time per level.
                   A        B        C        D        E       F      G
               +--------+--------+--------+--------+--------+-----+--------+
         Total |  56434 |  52092 |   4342 |   8972 |  27017 |  42 | 1343.7 |
       Dungeon |  21467 |  19168 |   2299 |   3759 |  10379 |  15 | 1431.1 |
        Temple |     45 |     37 |      8 |      0 |     37 |   1 |   45.0 |
          Lair |   6135 |   5675 |    460 |    678 |   3431 |   5 | 1227.0 |
         Swamp |   3436 |   3315 |    121 |    295 |   1757 |   4 |  859.0 |
     Snake Pit |   5223 |   4977 |    246 |    412 |   3302 |   4 | 1305.8 |
  Orcish Mines |   2984 |   2712 |    272 |    704 |    989 |   2 | 1492.0 |
   Elven Halls |   4203 |   3771 |    432 |    496 |   1633 |   3 | 1401.0 |
        Vaults |   8684 |   8183 |    501 |    395 |   4638 |   5 | 1736.8 |
         Sewer |    613 |    613 |      0 |    156 |    116 |   1 |  613.0 |
      Ice Cave |   2747 |   2747 |      0 |   1929 |    378 |   1 | 2747.0 |
        Wizlab |    892 |    892 |      0 |    148 |    357 |   1 |  892.0 |
               +--------+--------+--------+--------+--------+-----+--------+

Top non-repeatable levels by time:
   IceCv: 2747 daAuts
     D:8: 2495 daAuts
    D:10: 2219 daAuts
Vaults:4: 2202 daAuts
Vaults:5: 2137 daAuts
    D:11: 2121 daAuts
     D:7: 2009 daAuts
   Orc:1: 1874 daAuts
   Elf:2: 1785 daAuts
 Snake:3: 1767 daAuts
    D:13: 1657 daAuts
     D:6: 1608 daAuts
    D:14: 1515 daAuts
Vaults:1: 1503 daAuts
  Lair:3: 1501 daAuts
